 Dungeon Crawl Stone Soup version 0.21.1-1-g345015fe64 (webtiles) character file.

915 Htamos the Slinger (level 8, -1/49 HPs)
             Began as a Halfling Hunter on July 13, 2018.
             Slain by an ogre
             ... wielding a +0 giant spiked club
              (20 damage)
             ... on level 3 of the Dungeon.
             The game lasted 00:08:00 (4596 turns).

Htamos the Slinger (Halfling Hunter)                Turns: 4596, Time: 00:08:01

Health: -1/49      AC: 11    Str: 13    XL:     8   Next: 30%
Magic:  8/8        EV:  8    Int:  9    God:
Gold:   87         SH:  0    Dex: 17    Spells: 7/7 levels left

rFire    . . .     SeeInvis .   a - +2 hunting sling
rCold    . . .     Gourm    .   (shield restricted)
rNeg     . . .     Faith    .   o - +0 chain mail
rPois    .         Spirit   .   (no helmet)
rElec    .         Reflect  .   (no cloak)
rCorr    .         Harm     .   (no gloves)
MR       .....                  x - +2 pair of boots
Stlth    ..........             (no amulet)
HPRegen  0.16/turn              (no ring)
MPRegen  0.11/turn              (no ring)

@: drained
A: small, mutation resistance 1
a: no special abilities


You were on level 3 of the Dungeon.
You were not hungry.

You visited 1 branch of the dungeon, and saw 4 of its levels.

You collected 87 gold pieces.

Inventory:

Hand Weapons
 a - a +2 hunting sling (weapon)
 b - a +0 short sword
 m - a +0 blowgun
 q - a +0 hunting sling
Missiles
 d - 43 sling bullets (quivered)
 h - 116 stones
 p - 7 javelins
 y - 22 poisoned needles
Armour
 c - a +0 leather armour
 n - a +1 ring mail
 o - a +0 chain mail (worn)
 x - a +2 pair of boots (worn)
Jewellery
 g - an uncursed amulet of the gourmand {unknown}
 v - an uncursed amulet of the gourmand {unknown}
Scrolls
 e - a scroll of fear
 k - 3 scrolls of fog
 l - a scroll of amnesia {unknown}
 r - 5 scrolls of teleportation
 u - 2 scrolls of remove curse
 z - a scroll of identify {unknown}
 B - a scroll of immolation {unknown}
Potions
 i - a potion of berserk rage {unknown}
 j - a potion of ambrosia {unknown}
 w - a potion of resistance {unknown}
 A - a potion of haste {unknown}
 C - a potion of cancellation {unknown}
Comestibles
 f - 5 rations


   Skills:
 - Level 1.7(1.3) Fighting
 + Level 13.4(12.9) Slings
 - Level 2.1(1.8) Dodging
 - Level 1.1(0.7) Stealth


You had 7 spell levels left.
You didn't know any spells.

Dungeon Overview and Level Annotations

Branches:
Dungeon (4/15)
 Temple: D:4-7

Altars:
Elyvilon
Fedhas
Nemelex Xobeh

Annotations:
D:4 Sigmund


Innate Abilities, Weirdness & Mutations

You are small and have problems with some larger weapons.
You are somewhat resistant to further mutation.


Message History

Things that are here:
a giant club; 4 sling bullets; 3 chunks of flesh
There is a stone staircase leading down, spattered with blood here.
You start resting.
Some of the chunks of flesh in your inventory have rotted away.
All of the chunks of flesh in your inventory have rotted away.
HP restored.
You climb downwards.
Level annotation: Sigmund Sigmund completely misses you.
There is a stone staircase leading up here.
Sigmund hits you but does no damage.
There is a stone staircase leading up here.
The ogre hits you with a giant spiked club!!
Sigmund hits you from afar with a scythe!
* * * LOW HITPOINT WARNING * * *
You climb upwards.
There is a stone staircase leading down, spattered with blood here.
The ogre hits you with a giant spiked club!!
You die...

#.##.###.#># #.# ♣♣...
#.##.......# #.# ♣♣....
#.######.### #.# ♣♣.....
#.# #.# #.# ♣...≈≈≈ #.#
#.# #.# #..≈≈≈≈ ..# #.#
#.# #..≈≈♣≈ ### #.#
#.#########..≈≈≈≈
#.########O%...........≈≈≈
#........@>########.).....
############ ##......
##....# ######


You could see an ogre.

Vanquished Creatures
  Edmund (D:4)
  The ghost of GeorgeFormbyGrill the Skirmisher, an amateur GrBe of Trog (D:3)
  4 ogres
  A scorpion (D:4)
  2 orc wizards
  Jessica (D:2)
  A worker ant (D:4)
  A hound skeleton (D:4)
  4 gnolls (D:2)
  4 adders
  4 worms
  2 dart slugs (D:1)
  2 leopard geckos (D:1)
  7 orcs
  3 ball pythons
  10 bats
  3 giant cockroaches
  6 goblins
  5 hobgoblins
  4 jackals
  12 kobolds
  3 quokkas
  6 frilled lizards
  A leopard gecko skeleton (D:4)
  7 rats
95 creatures vanquished.

Notes
Turn   | Place    | Note
-------+----------+-------------------------------------------
     0 | D:1      | Htamos the Halfling Hunter began the quest for the Orb.
     0 | D:1      | Reached XP level 1. HP: 14/14 MP: 1/1
    22 | D:1      | Reached skill level 6 in Slings
   132 | D:1      | Reached XP level 2. HP: 19/19 MP: 2/2
   515 | D:1      | Reached skill level 7 in Slings
   515 | D:1      | Reached XP level 3. HP: 24/24 MP: 3/3
  1142 | D:2      | Noticed Jessica
  1147 | D:2      | Killed Jessica
  1147 | D:2      | Reached skill level 8 in Slings
  1147 | D:2      | Reached XP level 4. HP: 24/29 MP: 4/4
  1390 | D:2      | Found a blossoming altar of Fedhas.
  1438 | D:2      | Reached XP level 5. HP: 29/34 MP: 5/5
  1456 | D:2      | Reached skill level 9 in Slings
  1857 | D:3      | Noticed GeorgeFormbyGrill's ghost (amateur GrBe)
  1878 | D:3      | Killed GeorgeFormbyGrill's ghost
  1878 | D:3      | Reached skill level 10 in Slings
  1878 | D:3      | Reached XP level 6. HP: 12/39 MP: 6/6
  2557 | D:3      | Found a white marble altar of Elyvilon.
  3234 | D:4      | Reached skill level 11 in Slings
  3234 | D:4      | Reached XP level 7. HP: 34/44 MP: 7/7
  3607 | D:4      | Noticed Edmund
  3651 | D:4      | Killed Edmund
  3651 | D:4      | Reached skill level 12 in Slings
  4229 | D:4      | Reached XP level 8. HP: 49/49 MP: 8/8
  4305 | D:4      | Reached skill level 13 in Slings
  4345 | D:4      | Found a sparkling altar of Nemelex Xobeh.
  4387 | D:4      | Noticed Sigmund
  4596 | D:3      | Slain by an ogre

Skill      XL: |  1  2  3  4  5  6  7  8 |
---------------+-------------------------+-----
Slings         | 6 7 8 10 11 12 13 | 13.4
Fighting       | |  1.7
Dodging        | |  2.1
Stealth        | |  1.1

Action                   |  1- 3 |  4- 6 |  7- 9 || total
-------------------------+-------+-------+-------++-------
 Fire: Hunting sling     |    95 |   206 |   118 ||   419
  Use: Scroll            |       |     6 |       ||     6
       Potion            |       |       |     3 ||     3
  Eat: Chunk             |       |     6 |     1 ||     7
       Ration            |       |       |     1 ||     1
Armor: Leather armour    |     7 |       |       ||     7
       Chain mail        |       |    28 |    10 ||    38
       Skin              |       |       |     6 ||     6
Dodge: Dodged            |    12 |    17 |    26 ||    55
